 Dungeon Crawl Stone Soup version 0.30-a0-595-g91969c0fa5 (webtiles) character file.

Game seed: 16692665292766266190

620 Leeroy the Martial Artist (level 7, -1/43 HPs)
             Began as an Octopode Transmuter on Jan 6, 2023.
             Was an Initiate of Wu Jian.
             Slain by an orc wizard
             ... wielding a +0 dagger
              (2 damage)
             ... on level 6 of the Dungeon.
             The game lasted 00:18:09 (3739 turns).

Leeroy the Martial Artist (Octopode Transmuter)     Turns: 3739, Time: 00:18:09

Health: -1/43      AC:  1    Str:  9 (10) XL:     7   Next: 46%
Magic:  10/10      EV: 13    Int: 15 (17) God:    Wu Jian [......]
Gold:   205        SH:  0    Dex: 10 (12) Spells: 4/10 levels left

rFire   . . .      SeeInvis .      - Unarmed
rCold   . . .      Faith    .    (no shield)
rNeg    . . .      Spirit   .    (helmet restricted)
rPois   .          Reflect  .    (no amulet)
rElec   .          Harm     .    (no ring)
rCorr   .          Rampage  .    (no ring)
Will    .....                    (no ring)
Stlth   ++                       (no ring)
HPRegen 0.27/turn                (no ring)
MPRegen 0.12/turn                (no ring)
                                 (no ring)
                                 (no ring)

@: attractive
A: almost no armour, amphibious, 8 rings, camouflage 1, gelatinous body 1,
(nimble swimmer 1), tentacles, evolution 1
a: Renounce Religion


You were on level 6 of the Dungeon.
You worshipped Wu Jian.
Wu Jian was noncommittal.
You visited 2 branches of the dungeon, and saw 8 of its levels.

You collected 205 gold pieces.

Inventory:

Hand Weapons
 u - a +4 falchion
 v - a +2 mace of protection
 w - a +3 scimitar
Missiles
 b - 6 javelins
 j - 4 poisoned darts
Jewellery
 c - a ring of poison resistance
 t - a ring of wizardry
Wands
 p - a wand of light (12)
Scrolls
 d - 7 scrolls of identify {unknown}
 f - a scroll of noise {unknown}
 i - a scroll of amnesia {unknown}
 k - 3 scrolls of fog {unknown}
 m - a scroll of blinking {unknown}
 n - a scroll of immolation {unknown}
 r - 2 scrolls of magic mapping {unknown}
 s - 3 scrolls of poison {unknown}
Potions
 g - a potion of curing
 l - 2 potions of mutation


   Skills:
 - Level 1.0 Fighting
 - Level 2.0 Dodging
 + Level 8.1 Unarmed Combat
 - Level 2.0 Spellcasting
 * Level 2.9 Transmutations


You had 4 spell levels left.
You knew the following spells:

 Your Spells              Type           Power      Damage    Failure   Level
a - Beastly Appendage     Tmut           20%        N/A       7%          1
b - Spider Form           Tmut/Pois      6%         N/A       34%         3
c - Wereblood             Tmut           10%        N/A       10%         2

Your spell library contained the following spells:

 Spells                   Type           Power      Damage    Failure   Level
 Passwall                 Tmut/Erth      4%         N/A       19%         2
 Freeze                   Ice            4%         1d3       22%         1
 Magic Dart               Conj           4%         1d3       22%         1
 Sandblast                Erth           2%         2d4       22%         1
 Blink                    Tloc           2%         N/A       32%         2
 Call Imp                 Summ           1%         N/A       32%         2
 Ensorcelled Hibernation  Hex/Ice        2%         N/A       32%         2
 Momentum Strike          Conj/Tloc      2%         3d8       32%         2
 Frozen Ramparts          Ice            2%         1d1       54%         3
 Hailstorm                Conj/Ice       1%         3d3       54%         3
 Lesser Beckoning         Tloc           2%         N/A       54%         3
 Mephitic Cloud           Conj/Pois/Air  1%         N/A       54%         3
 Stone Arrow              Conj/Erth      2%         3d7       54%         3
 Swiftness                Air            1%         N/A       54%         3
 Ice Form                 Ice/Tmut       5%         N/A       77%         4


Dungeon Overview and Level Annotations

Branches:
Dungeon (7/15)             Temple (1/1) D:4

Altars:
Ashenzari
Cheibriados
Dithmenos
Elyvilon
Fedhas
Gozag
Hepliaklqana
Makhleb
Nemelex Xobeh
Okawaru
Qazlal
Ru
Trog
Vehumet
Wu Jian
Xom
Yredelemnul
Zin
The Shining One


Innate Abilities, Weirdness & Mutations

You cannot wear most types of armour.
You are amphibious.
You can wear up to eight rings at the same time.
Your skin changes colour to match your surroundings (Stealth+).
Your rubbery body absorbs attacks. (AC +1, EV +1)
((You are camouflaged when in or above water. (Stealth+)))
You have tentacles for arms and can constrict up to eight enemies at once.
You have hidden genetic potential.


Message History

The adder bites you but does no damage.
The orc wizard hits you but does no damage. x2
The orc priest hits you but does no damage.
The orc warrior hits you with a +0 mace!
* * * LOW HITPOINT WARNING * * *
It was a potion of curing.
You feel better. The adder bites you but does no damage.
The orc priest hits you but does no damage.
The orc wizard hits you but does no damage.
The orc wizard gestures at you while chanting.
You resist with some effort.
The orc warrior hits you but does no damage.
It was a potion of degeneration.
There was something very wrong with that liquid.
You feel weakened.
You feel dopey.
You feel clumsy. The adder bites you but does no damage.
The orc wizard hits you but does no damage.
The orc wizard hits you with a +0 dagger.
* * * LOW HITPOINT WARNING * * *
The orc priest calls upon Beogh to heal the orc warrior.
The orc warrior's wounds heal themselves!
The orc warrior hits you but does no damage.
It was a potion of attraction.
You feel attractive to monsters.
The adder bites you but does no damage. x2
The orc warrior hits you but does no damage.
The orc priest hits you but does no damage.
The orc wizard hits you but does no damage.
The orc wizard gestures at you while chanting.
You are confused.
It was a potion of cancellation.
Your magical effects are unravelling.
You feel magically purged.
You feel less wooden.
You feel less confused. The adder closely misses you.
The orc priest hits you with a +0 whip.
* * * LOW HITPOINT WARNING * * *
The orc wizard hits you with a +0 dagger.
* * * LOW HITPOINT WARNING * * *
The orc wizard hits you with a +0 dagger.
You die...

#. #..
.......
...#..#
.......
.?...#.......
........... #
#......... ..
#.##
#.##>[#####..
.
#...So......#
.
##...@o#####
. #...##oo.#
. ....##
.....# # .###
#.....# #
#.....# .
#####.. . #..
. ... #


You could see an orc warrior, an orc priest, 2 orc wizards and an adder.

Vanquished Creatures
  A bullfrog (D:7)
  A scorpion (D:4)
  2 wights (D:7)
  2 orc priests (D:4)
  2 hounds (D:4)
  3 orc wizards
  An iguana (D:4)
  Terence (D:3)
  Robin (D:2)
  4 adders
  2 worms
  13 orcs
  4 bats
  5 endoplasms
  3 giant cockroaches
  11 hobgoblins
  4 jackals (D:4)
  4 quokkas
  8 ball pythons
  8 frilled lizards
  12 goblins
  9 kobolds
  3 rats
104 creatures vanquished.

Notes
Turn   | Place    | Note
-------+----------+-------------------------------------------
     0 | D:1      | Leeroy the Octopode Transmuter began the quest for the Orb.
     0 | D:1      | Reached XP level 1. HP: 13/13 MP: 3/3
   298 | D:1      | Reached XP level 2. HP: 18/18 MP: 3/5
   708 | D:2      | Reached skill level 4 in Unarmed Combat
   714 | D:2      | Reached XP level 3. HP: 18/23 MP: 4/6
   751 | D:2      | Noticed Robin
   938 | D:1      | Learned a level 3 spell: Spider Form
   941 | D:1      | Learned a level 2 spell: Wereblood
  1004 | D:2      | Killed Robin
  1005 | D:2      | Reached XP level 4. HP: 26/28 MP: 5/7
  1060 | D:2      | Reached skill level 5 in Unarmed Combat
  1492 | D:3      | Noticed Terence
  1500 | D:3      | Killed Terence
  1666 | D:3      | Reached XP level 5. HP: 28/33 MP: 4/8
  2149 | D:4      | Reached skill level 6 in Unarmed Combat
  2380 | D:4      | Reached XP level 6. HP: 38/38 MP: 7/9
  2436 | D:4      | Found a staircase to the Ecumenical Temple.
  2471 | D:4      | Reached skill level 7 in Unarmed Combat
  2729 | Temple   | Entered the Ecumenical Temple
  2873 | Temple   | Became a worshipper of the Wu Jian Council
  3179 | D:4      | Reached XP level 7. HP: 38/43 MP: 10/10
  3379 | D:5      | Entered Level 5 of the Dungeon
  3379 | D:5      | You fall into a shaft and drop 2 floors!
  3488 | D:7      | Gained mutation: You have hidden genetic potential. [potion
                  | of mutation]
  3675 | D:7      | Reached skill level 8 in Unarmed Combat
  3739 | D:6      | HP: 1/43 [orc wizard/+0 dagger (3)]
  3739 | D:6      | Slain by an orc wizard

Illustrated notes

Levels and vault maps discovered:
D:1:      spicycebolla_arrival_ecumenical, layout_rooms
D:2:      layout_rooms, uniq_robin
D:3:      minmay_angry_zag, layout_basic, uniq_terence
D:4:      layout_loops_ring, minmay_temple_entry_glass,
          chequers_serial_rivers_marsh, grunt_ministairs_6
D:5:      layout_loops_ring
D:6:      layout_rooms, nicolae_overflow_two_pavilions,
          cheibrodos_sewer_entry_bend
D:7:      layout_layer_cave
Temple:   nicolae_temple_bog_church

Skill      XL: |  1  2  3  4  5  6  7 |
---------------+----------------------+-----
Unarmed Combat | 4 5 6 7 8 |  8.1
Fighting       | |  1.0
Dodging        | |  2.0
Spellcasting   | |  2.0
Transmutations | |  2.9

Action                   |  1- 3 |  4- 6 |  7- 9 || total
-------------------------+-------+-------+-------++-------
Melee: Unarmed           |    76 |   134 |    40 ||   250
       Constrict         |    17 |    22 |     7 ||    46
       Tentacles         |     9 |    18 |     9 ||    36
       Kick              |    19 |     7 |     2 ||    28
       Punch             |     2 |     5 |     1 ||     8
 Cast: Beastly Appendage |    19 |     7 |     1 ||    27
       Wereblood         |     2 |     1 |       ||     3
       Spider Form       |       |     5 |     1 ||     6
Invok: Lunge             |       |     3 |     1 ||     4
  Use: Potion            |       |     1 |     6 ||     7
       Scroll            |       |       |     3 ||     3
 Stab: Sleeping          |     3 |     9 |       ||    12
       Distracted        |       |     1 |       ||     1
Armor: Skin              |     3 |     7 |    24 ||    34
Dodge: Dodged            |    47 |    70 |    20 ||   137

Table legend: (Time is in decaauts)
 A = Elapsed time spent in this place.
 B = Non-inter-level travel time spent in this place.
 C = Inter-level travel time spent in this place.
 D = Time resting spent in this place.
 E = Time spent auto-exploring this place.
 F = Levels seen in this place.
 G = Mean time per level.
                   A        B        C        D        E       F      G
               +--------+--------+--------+--------+--------+-----+--------+
         Total |   3717 |   3429 |    288 |    601 |   1910 |   8 |  464.6 |
       Dungeon |   3540 |   3305 |    235 |    601 |   1804 |   7 |  505.7 |
        Temple |    176 |    123 |     53 |      0 |    106 |   1 |  176.0 |
               +--------+--------+--------+--------+--------+-----+--------+

Top non-repeatable levels by time:
     D:4: 1169 daAuts
     D:1: 805 daAuts
     D:3: 643 daAuts
     D:2: 567 daAuts
     D:7: 322 daAuts
  Temple: 176 daAuts
     D:6: 32 daAuts
